Map: Datos-C

Players

Xandros

  • Race: Zerg Zerg
  • League: Silver
  • Spawn Location: 3:00

Prototype - Winner!

  • Race: Protoss Protoss
  • League: Diamond
  • Spawn Location: 9:00

VOD

Have the link to the VOD?

Description

Time

  • Played on: Dec. 14, 2022, 1:15 p.m.
  • Length: 11:14
Show
View Real Time Build Order
Export as new Build Order

Xandros Zerg 

Build Orders: Pool First 

Get SALT Encoding   

  12  0:02  Drone  
  13  0:13  Overlord  
  13  0:27  Drone  
  14  0:36  Drone x2  
  16  0:47  Drone  
  17  1:06  Drone  
  18  1:12  Spawning Pool  
  18  1:16  Hatchery  
  16  1:24  Extractor  
  15  1:32  Drone x2  
  17  1:33  Drone  
  18  1:44  Overlord  
  19  1:54  Drone  
  19  2:01  Queen  
  19  2:04  Drone  
  22  2:16  Drone  
  23  2:30  Drone x2  
  23  2:31  Queen  
  27  3:12  Hatchery  
  24  3:18  Roach Warren, Evolution Chamber  
  22  3:36  Drone  
  22  3:37  Extractor  
  22  3:39  Drone x3  
  25  3:51  Zerg Missile Weapons Level 1  
  25  3:53  Drone  
  26  3:58  Roach x2  
  26  4:01  Overlord x2  
  30  4:05  Lair  
  30  4:23  Roach x4  
  38  4:28  Ravager  
  38  4:29  Ravager  
  40  4:35  Queen  
  40  4:38  Drone x2  
  44  4:42  Roach  
  44  4:43  Roach  
  48  5:02  Drone x4  
  52  5:32  Hatchery  
  51  5:37  Drone  
  51  5:39  Overlord x3  
  52  5:49  Overlord  
  52  5:51  Zerg Missile Weapons Level 2  
  52  6:00  Hydralisk Den, Drone  
  52  6:03  Drone x3  
  50  6:21  Drone x5  
  52  6:26  Overseer  
  52  6:43  Roach x2  
  52  6:45  Queen  
  58  6:52  Glial Reconstitution  
  57  6:54  Drone  
  57  6:55  Drone  
  57  7:03  Queen  
  57  7:10  Drone x4  
  61  7:33  Drone  
  61  7:34  Drone x8  
  70  7:39  Extractor x2  
  70  7:41  Grooved Spines  
  68  7:46  Drone x3  
  68  7:51  Overlord  
  71  7:59  Drone x3  
  74  8:19  Zerg Ground Armor Level 1, Infestation Pit  
  73  8:21  Hydralisk, Hatchery  
  73  8:27  Hydralisk  
  74  8:33  Drone x4  
  80  8:44  Drone x6  
  86  9:09  Overseer  
  86  9:21  Extractor  
  85  9:26  Extractor  
  85  9:28  Spine Crawler, Spore Crawler  
  82  9:46  Hive  
  82  9:51  Hydralisk  
  82  9:52  Hydralisk x10  
  104  10:00  Overlord x8  
  104  10:08  Overlord  
  104  10:22  Hydralisk x3  
  104  10:25  Pneumatized Carapace  
  104  10:28  Hydralisk, Evolution Chamber  
  111  10:49  Hydralisk x3  
  105  10:50  Hydralisk  
  108  10:58  Hatchery  
Show
View Real Time Build Order
Export as new Build Order

Prototype Protoss - Winner!

Build Orders: Forge Fast Expand (FFE) 

Get SALT Encoding   

  12  0:00  Probe  
  13  0:17  Pylon  
  13  0:23  Probe  
  14  0:38  Probe  
  15  0:45  Forge  
  15  0:50  Probe  
  16  1:02  Probe  
  17  1:06  Pylon  
  17  1:17  Pylon  
  17  1:34  Nexus  
  17  1:44  Pylon  
  17  1:49  Gateway  
  17  2:00  Gateway  
  17  2:10  Photon Cannon  
  17  2:22  Photon Cannon  
  17  2:33  Photon Cannon  
  17  2:49  Assimilator  
  17  2:50  Assimilator  
  17  3:00  Pylon  
  17  3:02  Probe  
  17  3:03  Probe  
  19  3:15  Probe (Chrono Boost)  
  19  3:17  Probe (Chrono Boost)  
  21  3:26  Probe (Chrono Boost)  
  23  3:27  Probe (Chrono Boost)  
  23  3:30  Probe (Chrono Boost)  
  23  3:33  Cybernetics Core  
  24  3:34  Probe  
  25  3:47  Probe x2 (Chrono Boost)  
  27  3:59  Probe x2 (Chrono Boost)  
  29  4:05  Probe x2 (Chrono Boost)  
  29  4:06  Assimilator  
  31  4:13  Probe x2 (Chrono Boost), Robotics Facility  
  33  4:25  Probe (Chrono Boost)  
  33  4:27  Adept x2  
  33  4:31  Probe (Chrono Boost)  
  39  4:33  Probe (Chrono Boost)  
  39  4:35  Pylon  
  40  4:40  Pylon  
  40  4:41  Probe  
  40  4:42  Protoss Ground Weapons Level 1 (Chrono Boost), Probe  
  42  4:59  Immortal (Chrono Boost)  
  46  5:15  Warp Gate (Chrono Boost)  
  46  5:28  Immortal (Chrono Boost)  
  46  5:31  Shield Battery  
  46  5:32  Shield Battery  
  50  5:44  Sentry  
  50  5:46  Sentry  
  54  5:50  Assimilator  
  54  5:52  Probe  
  54  5:53  Probe  
  54  6:36  Probe x2  
  54  6:39  Protoss Ground Armor Level 1  
  56  6:48  Pylon, Probe  
  56  6:51  Pylon  
  56  6:52  Warp Prism  
  56  6:53  Pylon  
  59  6:57  Twilight Council  
  59  7:02  Robotics Bay  
  59  7:08  Probe x2  
  59  7:22  Gateway x2  
  59  7:26  Gateway  
  59  7:28  Gateway  
  59  7:30  Immortal (Chrono Boost)  
  59  7:31  Gateway  
  59  7:32  Gateway  
  59  7:36  Sentry  
  65  7:37  Sentry  
  67  7:51  Gravitic Drive (Chrono Boost)  
  67  7:55  Dark Shrine  
  67  8:00  Immortal (Chrono Boost)  
  67  8:01  Stargate  
  67  8:03  Pylon  
  71  8:06  Pylon  
  71  8:07  Shield Battery  
  71  8:11  Pylon x2  
  71  8:17  Charge (Chrono Boost)  
  71  8:38  Pylon  
  71  8:52  Nexus  
  71  8:54  Assimilator  
  71  8:59  Assimilator  
  71  9:01  Pylon  
  71  9:04  Pylon  
  71  9:07  Pylon  
  71  9:10  Dark Templar x3  
  75  9:41  Dark Templar x3  
  75  9:43  Zealot x5  
  87  9:49  Pylon  
  87  9:56  Nexus  
  87  9:59  Assimilator  
  87  10:04  Assimilator  
  87  10:05  Pylon  
  87  10:06  Zealot x5  
  97  10:07  Pylon  
  97  10:10  Pylon  
  97  10:12  Gateway  
  97  10:32  Probe (Chrono Boost)  
  98  10:42  Probe (Chrono Boost)  
  99  10:47  Probe (Chrono Boost)  
  100  10:51  Zealot x5  
  100  10:52  Zealot x3  
  116  10:58  Probe  
Tags
 
Add a new tag
Caveats
  • Supply blocks, unpowered buildings, or Contaminate may cause inaccurate times.
  • Supply counts are checked every 10 seconds.